 Dungeon Crawl Stone Soup version 0.31-a0-431-g88bdf31460 (webtiles) character file.

Game seed: 7515016687597261048

49 Newt the Poker (level 3, 0/30 HPs)
             Began as a Merfolk Gladiator on July 31, 2023.
             Slain by a hobgoblin (3 damage)
             ... led by Robin
             ... on level 2 of the Dungeon.
             The game lasted 00:00:59 (914 turns).

Newt the Poker (Merfolk Gladiator)                   Turns: 914, Time: 00:00:59

Health: 0/30       AC:  5    Str: 16    XL:     3   Next: 77%
Magic:  3/3        EV: 13    Int:  7    God:
Gold:   95         SH:  0    Dex: 15    Spells: 2/2 levels left

rFire   . . .        a - +0 trident
rCold   . . .        (no shield)
rNeg    . . .        b - +0 leather armour
rPois   .            c - +0 helmet
rElec   .            (no cloak)
rCorr   .            h - +0 pair of gloves
SInv    .            (no boots)
Will    .....        (no amulet)
Stlth   +            (no ring)
HPRegen 0.25/turn    (no ring)
MPRegen 0.08/turn

%: no passive effects
@: no status effects
A: (nimble swimmer 2), mertail
a: no special abilities


You were on level 2 of the Dungeon.
You visited 1 branch of the dungeon, and saw 2 of its levels.

You collected 95 gold pieces.

Inventory:

Hand Weapons
 a - a +0 trident (weapon)
Missiles
 d - 2 throwing nets (quivered)
 e - a javelin
 i - 10 poisoned darts
Armour
 b - a +0 leather armour (worn)
 c - a +0 helmet (worn)
 h - a +0 pair of gloves (worn)
Scrolls
 f - 2 scrolls of blinking {unknown}
 g - a scroll of fog {unknown}
 j - 3 scrolls of identify {unknown}
 k - 2 scrolls of poison {unknown}


   Skills:
 - Level 4.0 Fighting
 + Level 4.6 Polearms
 - Level 2.0 Throwing
 - Level 4.0 Dodging


You had 2 spell levels left.
You didn't know any spells.
Your spell library was empty.

Dungeon Overview and Level Annotations

Branches:
Dungeon (2/15)

Altars:

Shops:
D:1 (

Annotations:
D:2 Robin


Innate Abilities, Weirdness & Mutations

((You are very nimble when in or above water. (Stealth+, EV+, Speed+++)))
Your lower body shifts to a powerful aquatic tail in water.


Message History

You closely miss the goblin.
The goblin is severely wounded.
The goblin misses you. The goblin hits you but does no damage.
A goblin comes into view. It is wielding a +0 club.
The hobgoblin misses you. The goblin attacks as you move away!
The goblin unwields a +0 sling.
The goblin wields a +0 club.
The goblin barely misses you. The goblin attacks as you move away!
The goblin hits you with a +0 club. Robin throws the goblin at you!
The goblin closely misses you.
Unknown command.
You hit the goblin.
You kill the goblin!
Robin roars a battlecry!
The goblins go into a battle-frenzy!
The goblin misses you. The goblin closely misses you.
The goblin hits you but does no damage.
The hobgoblin hits you but does no damage.
Robin throws the goblin at you! The goblin misses you.
The goblin hits you but does no damage.
You hit the goblin.
You kill the goblin!
The goblin misses you. The goblin hits you with a +0 club.
The goblin attacks as you move away! The goblin hits you but does no damage.
The goblin attacks as you move away! The goblin hits you with a +0 club.
* * * LOW HITPOINT WARNING * * *
The goblin unwields a +0 club.
The goblin wields a +0 sling.
The goblin shoots a sling bullet.
The sling bullet hits you.
* * * LOW HITPOINT WARNING * * *
The hobgoblin misses you. The goblin completely misses you.
The goblin attacks as you move away! The goblin hits you but does no damage.
The goblin completely misses you.
Unknown command.
The goblin shoots a sling bullet.
The sling bullet barely misses you.
You are too injured to fight recklessly!
The hobgoblin attacks as you move away! The hobgoblin barely misses you.
Unknown command.
The goblin shoots a sling bullet.
The sling bullet hits you.
* * * LOW HITPOINT WARNING * * *
The hobgoblin hits you.
You die...

#.......# #.......# #...)...#
#.......# #####.......#
#......÷....#####
#.>....).........
#...#####÷.######## .. #...#
#..@........# gg
###...###.##g.#####. g##
####.......#.###..# g#.
###....#####.#.# ##g#### .#.
.............#.####gggg#######...
###......##..#.##...gg.)........#
##<..........#.##...........)...#
......>......#.##...............#
####.#.####.##.#########........#


You could see Robin, 2 hobgoblins and 4 goblins.

Vanquished Creatures
  Terence (D:2)
  A dart slug (D:2)
  An endoplasm (D:1)
  A giant cockroach (D:1)
  3 goblins (D:2)
  2 hobgoblins
  4 jackals (D:1)
  A quokka (D:2)
  3 ball pythons
  2 rats (D:1)
19 creatures vanquished.

Notes
Turn   | Place    | Note
-------+----------+-------------------------------------------
     0 | D:1      | Newt the Merfolk Gladiator began the quest for the Orb.
     0 | D:1      | Reached XP level 1. HP: 16/16 MP: 1/1
   241 | D:1      | Found Maisel's Antique Weapon Shoppe.
   274 | D:1      | Reached XP level 2. HP: 17/24 MP: 2/2
   703 | D:2      | Noticed Terence
   724 | D:2      | Killed Terence
   725 | D:2      | Reached XP level 3. HP: 3/30 MP: 3/3
   902 | D:2      | Noticed Robin
   914 | D:2      | Slain by a hobgoblin

Illustrated notes

Levels and vault maps discovered:
D:1:      dpeg_arrival_shrine, layout_loops_ring, serial_shops, shop,
          solitary_fountain, dk_noncrumbling_3, chequers_big_river
D:2:      layout_basic, uniq_robin, uniq_terence

Skill      XL: |  1  2 |
---------------+-------+-----
Fighting       | 3 4 |  4.0
Polearms       | |  4.6
Throwing       | |  2.0
Dodging        | |  4.0

Action                     || total
---------------------------++-------
  Melee: Trident           ||    65
         Tailslap          ||     1
  Throw: Throwing net      ||     3
   Stab: Held in net/web   ||     3
 Armour: Leather armour    ||    31
  Dodge: Dodged            ||    63

Table legend: (Time is in decaauts)
 A = Elapsed time spent in this place.
 B = Non-inter-level travel time spent in this place.
 C = Inter-level travel time spent in this place.
 D = Time resting spent in this place.
 E = Time spent auto-exploring this place.
 F = Levels seen in this place.
 G = Mean time per level.
                   A        B        C        D        E       F      G
               +--------+--------+--------+--------+--------+-----+--------+
         Total |    904 |    856 |     48 |      0 |    708 |   2 |  452.0 |
       Dungeon |    904 |    856 |     48 |      0 |    708 |   2 |  452.0 |
               +--------+--------+--------+--------+--------+-----+--------+

Top non-repeatable levels by time:
     D:1: 658 daAuts
     D:2: 245 daAuts
